 Dungeon Crawl Stone Soup version 0.30.1-4-g462c640d31 (webtiles) character file.

Game seed: 1898921096399620771

2026 safid the Chiller (level 9, -3/68 HPs)
             Began as a Merfolk Ice Elementalist on Aug 18, 2023.
             Killed from afar by a steam dragon (17 damage)
             ... with a ball of steam
             ... on level 6 of the Dungeon.
             The game lasted 00:10:16 (5003 turns).

safid the Chiller (Merfolk Ice Elementalist)        Turns: 5003, Time: 00:10:16

Health: -3/68      AC: 10    Str:  9    XL:     9   Next: 23%
Magic:  6/16       EV: 13    Int: 25    God:
Gold:   374        SH:  5    Dex: 10    Spells: 3/17 levels left

rFire   . . .        e - +1 dagger (venom)
rCold   . . .        f - +1 buckler
rNeg    . . .        a - +0 robe
rPois   +            (no helmet)
rElec   .            (no cloak)
rCorr   .            (no gloves)
SInv    .            (no boots)
Will    .....        x - amulet of regeneration
Stlth   ++           v - ring "Soyruop" {Contam Fly rPois Int+7 Dex-4}
HPRegen 1.11/turn    (no ring)
MPRegen 0.15/turn

%: no passive effects
@: ice-armoured, freezing walls, flying, mesmerised
A: (nimble swimmer 2), mertail
a: no special abilities


You were on level 6 of the Dungeon.
You visited 1 branch of the dungeon, and saw 6 of its levels.
You also visited: Sewer.

You collected 374 gold pieces.

Inventory:

Hand Weapons
 e - a +1 dagger of venom (weapon)
Armour
 a - a +0 robe (worn)
 f - a +1 buckler (worn)
Jewellery
 v - the ring "Soyruop" (left hand) {Contam Fly rPois Int+7 Dex-4}
   (You found it on level 4 of the Dungeon)

   [ring of poison resistance]

   Int:       It affects your intelligence (+7).
   Dex:       It affects your dexterity (-4).
   rPois:     It protects you from poison.
   Fly:       It grants you flight.
   Contam:    It causes magical contamination when unequipped.
 x - an amulet of regeneration (around neck)
Scrolls
 d - a scroll of fear
 g - a scroll of enchant weapon
 l - 2 scrolls of teleportation
 m - a scroll of amnesia
 n - 4 scrolls of enchant armour
 q - a scroll of poison {unknown}
 r - a scroll of blinking {unknown}
 u - a scroll of magic mapping {unknown}
Potions
 b - a potion of magic
 c - 2 potions of resistance {unknown}
 h - 2 potions of mutation {unknown}
 j - 2 potions of berserk rage {unknown}
 k - a potion of heal wounds
 o - 2 potions of degeneration {unknown}
 p - 2 potions of lignification {unknown}
 w - a potion of cancellation {unknown}
 z - a potion of invisibility {unknown}


   Skills:
 + Level 5.2 Fighting
 + Level 6.8 Dodging
 - Level 2.1 Stealth
 - Level 4.0 Shields
 + Level 4.8 Spellcasting
 - Level 2.0 Conjurations
 + Level 1.9 Translocations
 + Level 3.4 Transmutations
 + Level 7.1 Ice Magic


You had 3 spell levels left.
You knew the following spells:

 Your Spells              Type           Power      Damage    Failure   Level
a - Freeze                Ice            100%       1d10      1%          1
b - Frozen Ramparts       Ice            82%        1d13      1%          3
c - Ozocubu's Armour      Ice            41%        N/A       1%          3
d - Irradiate             Conj/Tmut      9%         3d14      73%         5
e - Blink                 Tloc           30%        N/A       9%          2

Your spell library contained the following spells:

 Spells                   Type           Power      Damage    Failure   Level
 Beastly Appendage        Tmut           46%        N/A       3%          1
 Wereblood                Tmut           23%        N/A       4%          2
 Lesser Beckoning         Tloc           30%        N/A       9%          2
 Momentum Strike          Conj/Tloc      32%        3d8       9%          2
 Sublimation of Blood     Necr           6%         N/A       19%         2
 Spider Form              Tmut/Pois      14%        N/A       19%         3
 Stone Arrow              Conj/Erth      22%        3d8       24%         3
 Summon Ice Beast         Ice/Summ       23%        N/A       28%         4
 Petrify                  Tmut/Erth      14%        N/A       52%         4
 Animate Armour           Summ/Erth      12%        N/A       77%         4
 Ozocubu's Refrigeration  Ice            20%        4d12      99%         7
 Lehudib's Crystal Spear  Conj/Erth      5%         10d3      100%        8


Dungeon Overview and Level Annotations

Branches:
Dungeon (6/15)              Sewer (visited)
 Temple: D:4-7

Altars:
Ashenzari
Cheibriados
Dithmenos
Fedhas
Gozag
Nemelex Xobeh
Okawaru
Uskayaw
Yredelemnul
Zin

Annotations:
D:6 Maggie


Innate Abilities, Weirdness & Mutations

((You are very nimble when in or above water. (Stealth+, EV+, Speed+++)))
Your lower body shifts to a powerful aquatic tail in water.


Message History

The heat melts your icy armour.
Unknown command.
Your icy armour and frozen ramparts will break if you move.
Continue?
Your icy armour cracks and falls away as you move.
The frozen ramparts melt away as you move.
Maggie shouts!
Maggie mumbles some strange words.
Maggie attempts to bespell you!
You are mesmerised by Maggie!
You cannot move away from Maggie!
You cannot move away from Maggie!
You cannot move away from Maggie!
You cannot move away from Maggie!
You cannot move away from Maggie!
You cannot move away from Maggie!
The steam dragon bites you but does no damage.
You block the steam dragon's attack.
Casting: Ozocubu's Armour (safe; 1% risk of failure)
Confirm with . or Enter, or press ? or * to list all spells.
Casting: Frozen Ramparts (safe; 1% risk of failure)
Press: ? - help, Dir - look around, f - activate The walls around you are covered in ice.
The wall freezes Maggie.
Maggie points at you and mumbles some strange words.
The bolt of fire hits you!!
The wall freezes the steam dragon.
The steam dragon bites you!
* * * LOW HITPOINT WARNING * * *
The steam dragon claws you.
* * * LOW HITPOINT WARNING * * *
Casting: Frozen Ramparts (safe; 1% risk of failure)
Confirm with . or Enter, or press ? or * to list all spells.
A film of ice covers your body!
The wall freezes Maggie but does no damage.
Maggie practices a pose.
Maggie gestures wildly while chanting.
Maggie draws you further into her thrall.
The wall freezes the steam dragon!
The steam dragon breathes steam at you. The ball of steam hits you!
You die...

.... .... .... .....
...). ..... .....##..>
.......######
.).#.##.... ..
#@D....##
##..##@.#...##
..............#
...........##.##
...............#
...............#
....<......###.#######.
.......................
.........#.####.#######
#.......... #..##


You could see Maggie (mesmerising) and a steam dragon (catching breath).

Vanquished Creatures
  Prince Ribbit (D:5)
  4 yaks (D:4)
  Menkaure (D:5)
  A water moccasin (Sewer)
  2 ice beasts (D:5)
  A centaur (D:6)
  A phantom (D:5)
  A scorpion (D:4)
  A jelly (D:6)
  A gnoll bouda (D:4)
  An orc priest (D:4)
  3 hounds
  A sleepcap (D:5)
  3 iguanas (D:4)
  An iron imp (D:5)
  5 orc wizards
  3 gnolls (D:4)
  8 adders
  2 white imps
  A worm (D:2)
  2 dart slugs
  23 orcs
  9 endoplasms
  4 giant cockroaches
  10 hobgoblins
  15 jackals
  11 kobolds
  2 quokkas
  7 ball pythons
  4 bats
  7 frilled lizards
  8 goblins
  7 rats
  A spectral orc (D:5)
152 creatures vanquished.

Vanquished Creatures (others)
  An adder (D:6)
  A shadow imp (D:6)
2 creatures vanquished.

Grand Total: 154 creatures vanquished

Notes
Turn   | Place    | Note
-------+----------+-------------------------------------------
     0 | D:1      | safid the Merfolk Ice Elementalist began the quest for the
                  | Orb.
     0 | D:1      | Reached XP level 1. HP: 13/13 MP: 3/3
    96 | D:1      | Reached XP level 2. HP: 20/20 MP: 3/5
   172 | D:1      | Reached skill level 1 in Fighting
   505 | D:1      | Reached XP level 3. HP: 26/26 MP: 6/6
   509 | D:1      | Learned a level 3 spell: Frozen Ramparts
   857 | D:1      | Found a faded altar of an unknown god.
  1559 | D:2      | Reached XP level 4. HP: 15/33 MP: 5/7
  2024 | D:2      | Reached skill level 1 in Shields
  2064 | D:2      | Reached skill level 5 in Ice Magic
  2154 | D:3      | Found an iron altar of Okawaru.
  2280 | D:3      | Found a shadowy altar of Dithmenos.
  2328 | D:3      | Learned a level 3 spell: Ozocubu's Armour
  2902 | D:4      | Reached XP level 5. HP: 32/38 MP: 9/9
  3074 | D:4      | Reached XP level 6. HP: 28/46 MP: 4/10
  3588 | D:4      | Identified the ring "Soyruop" {Contam Fly rPois Int+7
                  | Dex-4}
  3615 | D:4      | Found an opulent altar of Gozag.
  3634 | D:4      | Noticed a yak
  3634 | D:4      | Noticed a yak
  3635 | D:4      | Noticed a yak
  3635 | D:4      | Noticed a yak
  3656 | D:4      | Killed a yak
  3657 | D:4      | Reached XP level 7. HP: 44/52 MP: 7/12
  3662 | D:4      | Killed a yak
  3662 | D:4      | Killed a yak
  3663 | D:4      | Reached skill level 5 in Dodging
  3663 | D:4      | Reached skill level 6 in Ice Magic
  3669 | D:4      | Killed a yak
  3670 | D:4      | Reached XP level 8. HP: 36/61 MP: 11/14
  3812 | D:4      | Found a hide-covered altar of Uskayaw.
  3913 | D:4      | Learned a level 5 spell: Irradiate
  3916 | D:4      | Learned a level 2 spell: Blink
  3937 | D:5      | Entered Level 5 of the Dungeon
  3988 | D:5      | Found a snail-covered altar of Cheibriados.
  3993 | D:5      | Noticed Prince Ribbit
  4006 | D:5      | Killed Prince Ribbit
  4007 | D:5      | Reached skill level 1 in Transmutations
  4029 | D:5      | Found a glowing silver altar of Zin.
  4064 | D:5      | Found a glowing drain.
  4078 | Sewer    | Entered a sewer
  4155 | Sewer    | Reached skill level 1 in Conjurations
  4155 | Sewer    | Reached skill level 1 in Translocations
  4377 | D:5      | Noticed Menkaure
  4419 | D:5      | Killed Menkaure
  4420 | D:5      | Reached skill level 5 in Fighting
  4420 | D:5      | Reached XP level 9. HP: 27/68 MP: 9/16
  4518 | D:5      | Found a sparkling altar of Nemelex Xobeh.
  4655 | D:5      | Found a blossoming altar of Fedhas.
  4675 | D:5      | Found a basalt altar of Yredelemnul.
  4684 | D:5      | Reached skill level 7 in Ice Magic
  4726 | D:5      | Found a broken altar of Ashenzari.
  4991 | D:6      | Noticed Maggie
  5003 | D:6      | Killed from afar by a steam dragon

Illustrated notes

Levels and vault maps discovered:
D:1:      dpeg_arrival_leaves_temple_mockup, layout_basic,
          dreamdust_ecumenical_altar_angels_and_demons, st_stairs_6
D:2:      layout_loops_corners, patterned_corridor
D:3:      layout_loops_ring, okawaru_ov_weapons_minmay,
          nicolae_dithmenos_shadow_blocks, grunt_decor_resistance
D:4:      layout_rooms, grunt_gozag_statues, mainiacjoe_overflow_alcove_1,
          kennysheep_generic_room_15
D:5:      layout_rooms, slow_altar_1, ashenzari_conservatory_becter,
          lemuel_coloured_pillars_altar, yredelemnul_forgotten_temple_becter,
          mainiacjoe_overflow_paths, nemelex_diamond_rough_becter,
          gup_sewer_entry_glass, uniq_menkaure, uniq_prince_ribbit1
D:6:      layout_rooms, palyth_temple_overflow_mages,
          minmay_temple_entry_mini_moons, hangedman_minor_gate_pass, uniq_maggie

Skill      XL: |  1  2  3  4  5  6  7  8  9 |
---------------+----------------------------+-----
Fighting       | 1 2 3 4 5 |  5.2
Dodging        | 3 4 5 6 |  6.8
Shields        | 1 2 3 4 |  4.0
Ice Magic      | 5 6 7 |  7.1
Spellcasting   | 3 4 |  4.8
Transmutations | 2 3 |  3.4
Conjurations   | 1 2 |  2.0
Translocations | 1 |  1.9
Stealth        | |  2.1

Action                     |  1- 3 |  4- 6 |  7- 9 || total
---------------------------+-------+-------+-------++-------
  Melee: Unarmed           |    77 |       |       ||    77
         Dagger            |    61 |   136 |   164 ||   361
   Cast: Freeze            |    20 |     2 |     1 ||    23
         Frozen Ramparts   |       |    10 |    13 ||    23
         Ozocubu's Armour  |       |     6 |    10 ||    16
    Use: Potion            |       |       |     2 ||     2
         Scroll            |       |       |     6 ||     6
   Stab: Sleeping          |     6 |     7 |     1 ||    14
 Armour: Robe              |    41 |    37 |    40 ||   118
  Dodge: Dodged            |   117 |    76 |    95 ||   288
  Block: Buckler           |     7 |    15 |    21 ||    43
